 Dungeon Crawl Stone Soup version 0.21.1-1-g345015f (webtiles) character file.

466 nicolaieve the Cleaver (level 6, -1/51 HPs)
             Began as a Minotaur Berserker on June 21, 2018.
             Was a Priest of Trog.
             Shot with an arrow by a centaur (11 damage)
             ... on level 5 of the Dungeon.
             The game lasted 00:09:45 (2970 turns).

nicolaieve the Cleaver (Minotaur Berserker)         Turns: 2970, Time: 00:09:46

Health: -1/51      AC:  9    Str: 24    XL:     6   Next: 81%
Magic:  5/5        EV:  8    Int:  4    God:    Trog [***...]
Gold:   264        SH:  0    Dex:  9    Spells: 5/5 levels left

rFire    . . .     SeeInvis .   s - +2 war axe (venom)
rCold    . . .     Gourm    .   (no shield)
rNeg     . . .     Faith    .   r - +0 chain mail
rPois    .         Spirit   .   (helmet restricted)
rElec    .         Reflect  .   (no cloak)
rCorr    .         Harm     .   u - +0 pair of gloves
MR       .....                  (no boots)
Stlth    ..........             (no amulet)
HPRegen  0.17/turn              d - ring of flight
MPRegen  0.09/turn              (no ring)

@: no status effects
A: retaliatory headbutt, horns 2
a: Berserk, Trog's Hand, Burn Spellbooks, Renounce Religion, Evoke Flight


You were on level 5 of the Dungeon.
You worshipped Trog.
Trog was most pleased with you.
You were not hungry.

You visited 1 branch of the dungeon, and saw 5 of its levels.

You collected 264 gold pieces.

Inventory:

Hand Weapons
 a - a +0 hand axe
 s - a +2 war axe of venom (weapon)
Armour
 b - a +0 animal skin
 f - a +0 leather armour
 o - a +0 ring mail
 r - a +0 chain mail (worn)
 u - a +0 pair of gloves (worn)
Jewellery
 d - a ring of flight (left hand)
Wands
 y - a wand of digging (13)
Scrolls
 g - a scroll of enchant weapon {unknown}
 h - 4 scrolls of teleportation {unknown}
 i - 4 scrolls of identify {unknown}
 q - a scroll of enchant armour {unknown}
 t - a scroll of magic mapping {unknown}
 v - 4 scrolls of remove curse {unknown}
 x - a scroll of random uselessness {unknown}
 A - a scroll of immolation {unknown}
Potions
 e - 2 potions of heal wounds {unknown}
 j - 5 potions of curing {unknown}
 k - 2 potions of lignification {unknown}
 l - 2 potions of mutation {unknown}
 m - 2 potions of haste {unknown}
 p - a potion of agility {unknown}
 w - 2 potions of degeneration {unknown}
 z - a potion of flight {unknown}
Comestibles
 c - 13 rations
 n - 6 chunks of flesh


   Skills:
 - Level 3.6 Fighting
 + Level 9.3 Axes
 - Level 2.4 Armour
 - Level 2.1 Dodging


You had 5 spell levels left.
You didn't know any spells.

Dungeon Overview and Level Annotations

Branches:
Dungeon (5/15)
 Temple: D:4-7

Altars:
Cheibriados
Dithmenos
Ru
Sif Muna
Vehumet
The Shining One


Innate Abilities, Weirdness & Mutations

You reflexively headbutt those who attack you in melee.
You have a pair of horns on your head.


Message History

The centaur shoots an arrow.
The arrow hits you. The orc hits you but does no damage.
A centaur comes into view.
You barely miss the orc.
The orc is almost dead.
The centaur shouts!
You kill the orc!
Trog accepts your kill.
The centaur shoots an arrow.
The arrow hits you.
The centaur wields a shortbow.
The centaur shoots an arrow.
The arrow hits you.
The centaur shoots an arrow.
The arrow hits you.
The centaur shoots an arrow.
The arrow hits you but does no damage.
The centaur shoots an arrow.
The arrow hits you.
A bullfrog skeleton comes into view.
You see here 3 arrows.
The centaur shoots an arrow.
The arrow hits you!
The centaur shoots an arrow.
The arrow hits you.
* * * LOW HITPOINT WARNING * * *
The centaur shoots an arrow.
The arrow hits you!
You die...

......................
.#.............>.......
#..............#.###...
....................Z...
.###..........#........$
.........<.....c..c..
.<#...........#......
#...#............##.#
#......#....@...##.###
...........(........
.......##.#.(.##.##
.##.#....#.[.......
#...#......##.### ...
#.#.##.# # ## ...#. ..
....... ... .##... ...?


You could see 2 centaurs and a bullfrog skeleton.

Vanquished Creatures
  A crimson imp (D:2)
  A bullfrog skeleton (D:4)
  2 hounds (D:4)
  2 iguanas (D:4)
  Natasha (thrice) (D:3)
  2 worker ants
  2 hound skeletons (D:4)
  8 adders
  2 worms
  A dart slug (D:2)
  3 leopard geckos (D:2)
  4 orcs
  2 giant cockroaches (D:2)
  7 goblins
  5 hobgoblins
  11 kobolds
  8 bats
  5 frilled lizards
  A jackal skeleton (D:4)
  7 rats
77 creatures vanquished.

Notes
Turn   | Place    | Note
-------+----------+-------------------------------------------
     0 | D:1      | nicolaieve the Minotaur Berserker began the quest for the Orb.
     0 | D:1      | Reached XP level 1. HP: 19/19 MP: 0/0
    86 | D:1      | Reached skill level 4 in Axes
   145 | D:1      | Reached XP level 2. HP: 24/26 MP: 1/1
   664 | D:2      | Reached ** piety under Trog
   746 | D:2      | Reached skill level 5 in Axes
   768 | D:2      | Reached XP level 3. HP: 25/31 MP: 2/2
   824 | D:2      | Reached skill level 6 in Axes
   824 | D:2      | Reached XP level 4. HP: 33/39 MP: 3/3
  1715 | D:3      | Noticed Natasha
  1720 | D:3      | Killed Natasha
  1720 | D:3      | Reached skill level 7 in Axes
  1720 | D:3      | Reached XP level 5. HP: 37/45 MP: 4/4
  1837 | D:3      | Found a shadowy altar of Dithmenos.
  1896 | D:3      | Reached *** piety under Trog
  1923 | D:3      | Noticed Natasha
  1930 | D:3      | Killed Natasha
  2063 | D:3      | Noticed Natasha
  2066 | D:3      | Killed Natasha
  2210 | D:4      | Reached skill level 8 in Axes
  2347 | D:4      | Reached XP level 6. HP: 44/51 MP: 5/5
  2467 | D:4      | Reached skill level 9 in Axes
  2809 | D:4      | Found a snail-covered altar of Cheibriados.
  2809 | D:4      | Found a sacrificial altar of Ru.
  2872 | D:4      | Found a deep blue altar of Sif Muna.
  2877 | D:4      | Found a radiant altar of Vehumet.
  2879 | D:4      | Found a glowing golden altar of the Shining One.
  2929 | D:5      | Entered Level 5 of the Dungeon
  2970 | D:5      | Shot with an arrow by a centaur

Skill      XL: |  1  2  3  4  5  6 |
---------------+-------------------+-----
Axes           | 4 5 6 7 8 9 |  9.3
Fighting       | |  3.6
Armour         | |  2.4
Dodging        | |  2.1

Action                   |  1- 3 |  4- 6 || total
-------------------------+-------+-------++-------
Melee: Hand axe          |    45 |    55 ||   100
       Headbutt          |     7 |    19 ||    26
       War axe           |       |    48 ||    48
Invok: Berserk           |       |     1 ||     1
  Eat: Chunk             |       |     7 ||     7
Armor: Animal skin       |    16 |     8 ||    24
       Leather armour    |       |     1 ||     1
       Chain mail        |       |    25 ||    25
       Ring mail         |       |     2 ||     2
Dodge: Dodged            |    58 |    56 ||   114
